 Dungeon Crawl Stone Soup version 0.16.2-12-gd0ad4c3 (webtiles) character file.

153 SlimeFever the Poker (level 5, -1/40 HPs)
             Began as a Merfolk Gladiator on Feb 25, 2016.
             Slain by an orc warrior
             ... wielding a +0 dire flail
              (12 damage)
             ... on level 4 of the Dungeon.
             The game lasted 00:18:26 (2404 turns).

SlimeFever the Poker (Merfolk Gladiator)            Turns: 2404, Time: 00:18:27

Health: -1/40      AC:  6    Str: 16    XL:     5   Next: 35%
Magic:  5/5        EV: 12    Int:  8    God:
Gold:   76         SH:  0    Dex: 14    Spells: 0 memorised, 4 levels left

rFire  . . .     SeeInvis .     a - +1 trident
rCold  . . .     Clarity  .     s - +0 ring mail (curse)
rNeg   . . .     SustAb   .     (no shield)
rPois  .         Gourm    .     c - +0 helmet
rElec  .         Spirit   .     (no cloak)
rCorr  .         Warding  .     (no gloves)
rMut   .         Stasis   .     (no boots)
MR     .....                    (no amulet)
Stlth  +.........               (no ring)
                                (no ring)

@: lethally poisoned (-1 -> -2), not resistant to hostile enchantments, very
unstealthy
A: change form in water, swift swim
a: no special abilities


You were on level 4 of the Dungeon.
You were not hungry.

You visited 1 branch of the dungeon, and saw 4 of its levels.

You collected 76 gold pieces.

Inventory:

Hand weapons
 a - a +1 trident (weapon)
 b - a +0 hunting sling
Missiles
 d - 3 throwing nets (quivered)
 e - 24 arrows
 h - 8 needles of sleeping
 i - 21 arrows of frost
 r - 7 tomahawks
Armour
 c - a +0 helmet (worn)
 q - a +2 robe of fire resistance
 s - a cursed +0 ring mail (worn)
 v - a +0 scale mail
Jewellery
 n - an uncursed ring of teleportation
Scrolls
 m - 2 scrolls of fog
 p - a scroll of identify
Potions
 g - a potion of magic
 t - a potion of might {unknown}
 u - a potion of curing
Comestibles
 f - a bread ration
 j - a royal jelly
 k - 2 fruits
 l - a beef jerky
 o - a meat ration


   Skills:
 + Level 2.8 Fighting
 * Level 7.0 Polearms
 + Level 2.0 Throwing
 * Level 1.6 Armour
 - Level 4.0 Dodging
 + Level 1.2 Stealth


You had 4 spell levels left.
You didn't know any spells.

Dungeon Overview and Level Annotations

Branches:
Dungeon (4/15)
 Temple: D:4-7

Altars:
Cheibriados
Elyvilon

Annotations:
D:4 kroki's ghost, average MiAs


Message History

The adder is moderately wounded.
You feel sick. The adder completely misses you.
You hit the adder but do no damage.
The adder is moderately wounded.
The adder misses you.
You closely miss the adder.
The adder is moderately wounded.
The adder bites you but does no damage. x2
You puncture the adder!
The adder is almost dead.
The adder closely misses you.
You puncture the adder!
You kill the adder!
Your Polearms skill increases to level 7!
You feel sick.
You barely miss the orc warrior.
The orc warrior hits you with a dire flail!
* * * LOW HITPOINT WARNING * * *
The orc warrior hits you with a dire flail!
You die...

... ....# Z...#########
..........)....
#..............
#...o.#......... ...
#..oo#........... ....
####o#.#......... .....
###..#@#.....(..... ....
#.'..#.#...........#
#..##
#.####.#...!.......#
#...#
#.#....#...........#
#..####.#.####...........
#...)....# ##...........
#..####### #...#####....
##..########..## ###
#............#


You could see an orc warrior and 3 orcs.

Vanquished Creatures
  Blork the orc (D:4)
  3 adders
  2 worms
  A giant gecko (D:2)
  11 bats
  A bat skeleton (D:4)
  4 goblins
  5 hobgoblins
  A ball python (D:1)
  4 giant cockroaches
  4 giant newts
  7 kobolds
  11 rats
55 creatures vanquished.

Notes
Turn   | Place    | Note
--------------------------------------------------------------
     0 | D:1      | SlimeFever, the Merfolk Gladiator, began the quest for the Orb.
     0 | D:1      | Reached XP level 1. HP: 16/16 MP: 1/1
   104 | D:1      | Reached skill level 5 in Polearms
   149 | D:1      | Reached XP level 2. HP: 20/22 MP: 2/2
   480 | D:1      | Reached XP level 3. HP: 25/28 MP: 3/3
  1134 | D:2      | Found a snail-covered altar of Cheibriados.
  1269 | D:2      | Found a white marble altar of Elyvilon.
  1681 | D:3      | Reached skill level 6 in Polearms
  1682 | D:3      | Reached XP level 4. HP: 32/34 MP: 4/4
  2321 | D:4      | Noticed kroki's ghost (average MiAs)
  2322 | D:4      | Noticed Blork the orc
  2338 | D:4      | Killed Blork the orc
  2338 | D:4      | Reached skill level 1 in Armour
  2338 | D:4      | Reached skill level 1 in Stealth
  2338 | D:4      | Reached XP level 5. HP: 21/40 MP: 5/5
  2389 | D:4      | Noticed an orc warrior
  2401 | D:4      | Reached skill level 7 in Polearms
  2404 | D:4      | Slain by an orc warrior

Action                   |  1- 3 |  4- 6 || total
-------------------------+-------+-------++-------
Melee: Trident           |   130 |    54 ||   184
  Use: Scroll            |     8 |     3 ||    11
  Eat: Bread ration      |     1 |       ||     1
